[ AOE2 MATCH · #495347033 ]
UnrankedBurgundians vs Franks
Rival team · LOSS
[ REPLAY ANALYSIS · EXTRACTED FROM THE RECORDED GAME ]
Feudal
12:16
Castle
23:37
Imperial
—
| APM avg | 85.9 |
| APM peak | 162 |
| eAPM avg | 58.8 |
| Villagers / military | 175 / 88 |
Focus
⚔️ 51.6% · 🌾 48.4%
Knight ×46 · Spearman ×19 · Skirmisher ×10 · Flemish Militia ×5 · Scout Cavalry ×4 · Monk ×3
Feudal
12:19
Castle
25:38
Imperial
—
| APM avg | 64.0 |
| APM peak | 93 |
| eAPM avg | 28.6 |
| Villagers / military | 127 / 52 |
Focus
⚔️ 37.6% · 🌾 62.4%
Monk ×16 · Archer ×12 · Knight ×12 · Spearman ×9 · Militia ×2 · Scout Cavalry ×1
Match map
Initial resources + every placement click. Lines = walls · curves = elevation contours. ◆ gold · ⬟ stone · ● berries · ✦ relic · ◌ wall gap
Your base· ✓ Closed at 23:37 · 56t walls · fragile
Gabi's base· ✓ Closed at 25:38 · 70t walls · 3 gate(s) · fragile
Smoothed initial terrain · ◌ = detected wall gap · hover for details
Inputs per minute
— Dobbs351 - - Gabi
Build order — Dobbs351
First 150 of 465 actions detected
| 0:00 | Create | Villager (Male) |
| 0:00 | Create | Villager (Male) |
| 0:02 | Build | House |
| 0:03 | Build | House |
| 0:27 | Create | Villager (Male) |
| 0:27 | Create | Villager (Male) |
| 1:27 | Create | Villager (Male) |
| 1:27 | Create | Villager (Male) |
| 1:56 | Create | Villager (Male) |
| 2:09 | Create | Villager (Male) |
| 2:45 | Build | Lumber Camp |
| 2:51 | Create | Villager (Male) |
| 2:51 | Create | Villager (Male) |
| 3:32 | Create | Villager (Male) |
| 3:33 | Create | Villager (Male) |
| 3:43 | Build | House |
| 3:51 | Research | Double-Bit Axe |
| 3:51 | Research | Double-Bit Axe |
| 4:05 | Build | Palisade Wall |
| 4:06 | Build | Palisade Wall |
| 4:14 | Create | Villager (Male) |
| 4:29 | Build | Palisade Wall |
| 4:32 | Build | Palisade Wall |
| 4:34 | Build | Palisade Wall |
| 4:34 | Build | Palisade Wall |
| 4:38 | Research | Loom |
| 4:38 | Research | Loom |
| 5:08 | Create | Villager (Male) |
| 5:16 | Build | Palisade Wall |
| 5:17 | Build | Palisade Wall |
| 5:18 | Build | Palisade Wall |
| 5:25 | Build | Palisade Wall |
| 5:27 | Build | Palisade Wall |
| 5:28 | Build | Palisade Wall |
| 5:29 | Build | Palisade Wall |
| 5:31 | Build | Palisade Wall |
| 5:34 | Build | Palisade Wall |
| 5:37 | Build | Palisade Wall |
| 5:37 | Build | Palisade Wall |
| 5:39 | Create | Villager (Male) |
| 5:52 | Create | Villager (Male) |
| 6:29 | Create | Villager (Male) |
| 6:42 | Create | Villager (Male) |
| 6:57 | Build | Mill |
| 7:01 | Create | Villager (Male) |
| 7:18 | Create | Villager (Male) |
| 7:45 | Create | Villager (Male) |
| 7:47 | Build | House |
| 8:00 | Build | Palisade Wall |
| 8:01 | Build | Palisade Wall |
| 8:01 | Build | Palisade Wall |
| 8:02 | Build | Palisade Wall |
| 8:05 | Build | Palisade Wall |
| 8:07 | Create | Villager (Male) |
| 8:23 | Build | Palisade Wall |
| 8:24 | Build | Palisade Wall |
| 8:25 | Create | Villager (Male) |
| 8:29 | Build | Palisade Wall |
| 8:41 | Create | Villager (Male) |
| 8:41 | Create | Villager (Male) |
| 8:49 | Build | Palisade Wall |
| 8:50 | Create | Villager (Male) |
| 8:54 | Build | Palisade Wall |
| 8:56 | Build | House |
| 9:03 | Create | Villager (Male) |
| 9:06 | Create | Villager (Male) |
| 9:14 | Build | Palisade Wall |
| 9:15 | Create | Villager (Male) |
| 9:23 | Create | Villager (Male) |
| 9:27 | Build | Palisade Wall |
| 9:27 | Build | Palisade Wall |
| 9:32 | Build | Palisade Wall |
| 9:33 | Build | Palisade Wall |
| 9:34 | Build | Palisade Wall |
| 9:46 | Research | Feudal Age |
| 9:58 | Build | Palisade Wall |
| 10:01 | Build | Palisade Wall |
| 10:02 | Build | Palisade Wall |
| 10:04 | Build | Palisade Wall |
| 10:09 | Build | Palisade Wall |
| 10:10 | Build | Palisade Wall |
| 10:11 | Create | Villager (Male) |
| 10:18 | Build | Farm |
| 10:18 | Build | Farm |
| 10:29 | Build | Lumber Camp |
| 10:35 | Create | Villager (Male) |
| 10:43 | Build | Palisade Wall |
| 10:44 | Build | Palisade Wall |
| 10:45 | Create | Villager (Male) |
| 10:57 | Build | Palisade Wall |
| 11:02 | Build | Farm |
| 11:03 | Build | Farm |
| 11:05 | Build | Farm |
| 11:06 | Build | Farm |
| 11:26 | Create | Villager (Male) |
| 11:32 | Build | House |
| 11:35 | Create | Villager (Male) |
| 11:50 | Build | House |
| 11:57 | Research | Horse Collar |
| 11:57 | Research | Horse Collar |
| 12:05 | Build | Palisade Wall |
| 12:16 | Age | Feudal Age |
| 12:18 | Create | Villager (Male) |
| 12:20 | Research | Bow Saw |
| 12:20 | Research | Bow Saw |
| 12:27 | Build | Palisade Wall |
| 12:39 | Create | Villager (Male) |
| 12:43 | Build | Barracks |
| 13:02 | Create | Villager (Male) |
| 13:26 | Create | Villager (Male) |
| 13:32 | Build | House |
| 13:40 | Create | Flemish Militia |
| 13:42 | Build | Stable |
| 13:43 | Create | Villager (Male) |
| 13:46 | Build | Farm |
| 13:48 | Create | Spearman |
| 13:52 | Build | Palisade Wall |
| 13:52 | Build | Palisade Wall |
| 13:54 | Build | Farm |
| 13:55 | Build | Farm |
| 14:17 | Create | Villager (Male) |
| 14:24 | Build | Lumber Camp |
| 14:25 | Create | Villager (Male) |
| 14:27 | Build | Farm |
| 14:27 | Build | Farm |
| 14:27 | Build | Farm |
| 14:31 | Create | Villager (Male) |
| 14:43 | Create | Villager (Male) |
| 14:45 | Create | Scout Cavalry |
| 14:46 | Build | Palisade Wall |
| 14:57 | Build | Mining Camp |
| 15:09 | Build | Farm |
| 15:10 | Create | Villager (Male) |
| 15:10 | Create | Scout Cavalry |
| 15:16 | Create | Scout Cavalry |
| 15:18 | Build | Farm |
| 15:32 | Build | Farm |
| 15:34 | Create | Villager (Male) |
| 15:43 | Build | Lumber Camp |
| 15:57 | Build | Lumber Camp |
| 16:00 | Create | Villager (Male) |
| 16:02 | Create | Scout Cavalry |
| 16:08 | Build | Farm |
| 16:17 | Research | Wheelbarrow |
| 16:17 | Research | Wheelbarrow |
| 16:30 | Build | Farm |
| 16:33 | Build | Farm |
| 16:35 | Create | Villager (Male) |
| 16:37 | Build | House |
| 16:59 | Create | Flemish Militia |
Build order — Gabi
First 150 of 376 actions detected
| 0:00 | Create | Villager (Male) |
| 0:01 | Create | Villager (Male) |
| 0:01 | Create | Villager (Male) |
| 0:02 | Build | House |
| 0:04 | Build | House |
| 0:27 | Create | Villager (Male) |
| 1:36 | Create | Villager (Male) |
| 1:36 | Create | Villager (Male) |
| 1:51 | Build | Barracks |
| 1:59 | Create | Villager (Male) |
| 2:28 | Create | Villager (Male) |
| 2:56 | Create | Militia |
| 2:57 | Research | Loom |
| 3:11 | Create | Militia |
| 3:18 | Build | House |
| 3:25 | Create | Villager (Male) |
| 3:50 | Create | Villager (Male) |
| 4:01 | Create | Villager (Male) |
| 4:23 | Create | Villager (Male) |
| 4:46 | Build | House |
| 5:06 | Create | Villager (Male) |
| 5:20 | Create | Villager (Male) |
| 5:36 | Create | Villager (Male) |
| 5:44 | Build | Palisade Wall |
| 5:46 | Build | Palisade Wall |
| 6:04 | Create | Villager (Male) |
| 6:16 | Create | Villager (Male) |
| 6:30 | Build | Palisade Wall |
| 6:31 | Build | Palisade Wall |
| 6:47 | Create | Villager (Male) |
| 7:17 | Build | Palisade Wall |
| 7:19 | Create | Villager (Male) |
| 7:51 | Build | Lumber Camp |
| 7:59 | Create | Villager (Male) |
| 8:13 | Build | House |
| 8:21 | Build | House |
| 8:29 | Build | Palisade Wall |
| 8:32 | Build | Palisade Wall |
| 8:34 | Build | Palisade Wall |
| 8:35 | Create | Villager (Male) |
| 8:48 | Create | Villager (Male) |
| 8:51 | Build | Palisade Wall |
| 8:55 | Build | Palisade Wall |
| 8:59 | Build | Palisade Wall |
| 9:01 | Build | Palisade Wall |
| 9:06 | Create | Villager (Male) |
| 9:08 | Build | Mill |
| 9:11 | Create | Villager (Male) |
| 9:36 | Build | Palisade Wall |
| 9:47 | Build | Farm |
| 9:48 | Build | Farm |
| 9:54 | Build | Palisade Wall |
| 9:56 | Build | Palisade Wall |
| 9:58 | Build | Palisade Wall |
| 10:03 | Build | House |
| 10:09 | Research | Feudal Age |
| 10:20 | Build | Farm |
| 10:41 | Build | Mining Camp |
| 11:17 | Build | Palisade Gate |
| 11:22 | Build | Palisade Wall |
| 11:40 | Build | Palisade Gate |
| 11:49 | Build | Palisade Wall |
| 11:50 | Build | Palisade Wall |
| 12:17 | Build | Palisade Gate |
| 12:19 | Age | Feudal Age |
| 12:20 | Create | Villager (Male) |
| 12:21 | Research | Double-Bit Axe |
| 12:45 | Research | Town Watch |
| 12:46 | Create | Villager (Male) |
| 12:55 | Build | Archery Range |
| 13:20 | Build | Watch Tower |
| 13:34 | Create | Villager (Male) |
| 13:39 | Build | Mining Camp |
| 13:49 | Build | House |
| 13:57 | Create | Villager (Male) |
| 14:03 | Create | Spearman |
| 14:12 | Build | Palisade Wall |
| 14:13 | Build | Palisade Wall |
| 14:14 | Build | Palisade Wall |
| 14:15 | Build | Palisade Wall |
| 14:24 | Create | Villager (Male) |
| 14:33 | Build | Outpost |
| 14:39 | Build | Watch Tower |
| 14:43 | Create | Villager (Male) |
| 15:01 | Build | Outpost |
| 15:06 | Create | Villager (Male) |
| 15:13 | Build | Blacksmith |
| 15:20 | Create | Spearman |
| 15:23 | Create | Villager (Male) |
| 15:32 | Build | House |
| 15:34 | Create | Archer |
| 15:45 | Build | Farm |
| 15:47 | Create | Villager (Male) |
| 15:58 | Build | Palisade Wall |
| 15:59 | Create | Villager (Male) |
| 16:03 | Build | Palisade Wall |
| 16:10 | Create | Archer |
| 16:11 | Create | Villager (Male) |
| 16:16 | Create | Spearman |
| 16:21 | Create | Archer |
| 16:34 | Research | Wheelbarrow |
| 16:40 | Build | Farm |
| 16:42 | Create | Archer |
| 16:45 | Create | Spearman |
| 16:52 | Create | Villager (Male) |
| 16:58 | Build | Palisade Wall |
| 17:03 | Build | House |
| 17:08 | Create | Spearman |
| 17:12 | Create | Villager (Male) |
| 17:26 | Create | Villager (Male) |
| 17:27 | Build | Palisade Wall |
| 17:29 | Build | Palisade Wall |
| 17:30 | Build | Palisade Wall |
| 17:31 | Build | Palisade Wall |
| 17:50 | Build | Watch Tower |
| 17:53 | Build | Watch Tower |
| 17:55 | Create | Villager (Male) |
| 17:56 | Build | Palisade Wall |
| 17:58 | Build | Palisade Wall |
| 18:17 | Create | Archer |
| 18:18 | Create | Archer |
| 18:18 | Create | Archer |
| 18:19 | Build | Farm |
| 18:33 | Create | Villager (Male) |
| 18:34 | Build | House |
| 18:44 | Create | Archer |
| 18:45 | Build | House |
| 18:47 | Build | Palisade Wall |
| 18:48 | Build | Palisade Wall |
| 18:52 | Build | Farm |
| 18:54 | Build | House |
| 19:05 | Create | Villager (Male) |
| 19:12 | Build | Palisade Wall |
| 19:13 | Create | Villager (Male) |
| 19:13 | Create | Villager (Male) |
| 19:19 | Build | Palisade Wall |
| 19:29 | Create | Archer |
| 19:29 | Create | Archer |
| 19:44 | Create | Villager (Male) |
| 19:56 | Build | Farm |
| 19:56 | Build | Farm |
| 19:58 | Build | Farm |
| 20:00 | Build | Palisade Wall |
| 20:14 | Create | Villager (Male) |
| 20:20 | Build | Farm |
| 20:24 | Build | Palisade Wall |
| 20:24 | Build | Palisade Wall |
| 20:25 | Create | Villager (Male) |
| 20:37 | Build | Farm |
| 20:51 | Create | Villager (Male) |
Match timeline
| 1:51 | Gabi · first_building Barracks |
| 4:05 | Dobbs351 · wall_segment Palisade Wall x1 |
| 4:06 | Dobbs351 · wall_segment Palisade Wall x1 |
| 4:29 | Dobbs351 · wall_segment Palisade Wall x1 |
| 4:32 | Dobbs351 · wall_segment Palisade Wall x1 |
| 4:34 | Dobbs351 · wall_segment Palisade Wall x1 |
| 4:34 | Dobbs351 · wall_segment Palisade Wall x1 |
| 5:16 | Dobbs351 · wall_segment Palisade Wall x1 |
| 5:17 | Dobbs351 · wall_segment Palisade Wall x1 |
| 5:18 | Dobbs351 · wall_segment Palisade Wall x1 |
| 5:25 | Dobbs351 · wall_segment Palisade Wall x1 |
| 5:27 | Dobbs351 · wall_segment Palisade Wall x1 |
| 5:28 | Dobbs351 · wall_segment Palisade Wall x1 |
| 5:29 | Dobbs351 · wall_segment Palisade Wall x1 |
| 5:31 | Dobbs351 · wall_segment Palisade Wall x1 |
| 5:34 | Dobbs351 · wall_segment Palisade Wall x1 |
| 5:37 | Dobbs351 · wall_segment Palisade Wall x1 |
| 5:37 | Dobbs351 · wall_segment Palisade Wall x1 |
| 5:44 | Gabi · wall_segment Palisade Wall x1 |
| 5:46 | Gabi · wall_segment Palisade Wall x1 |
| 6:30 | Gabi · wall_segment Palisade Wall x3 |
| 6:31 | Gabi · wall_segment Palisade Wall x3 |
| 7:17 | Gabi · wall_segment Palisade Wall x1 |
| 8:00 | Dobbs351 · wall_segment Palisade Wall x1 |
| 8:01 | Dobbs351 · wall_segment Palisade Wall x1 |
| 8:01 | Dobbs351 · wall_segment Palisade Wall x1 |
| 8:02 | Dobbs351 · wall_segment Palisade Wall x1 |
| 8:05 | Dobbs351 · wall_segment Palisade Wall x1 |
| 8:23 | Dobbs351 · wall_segment Palisade Wall x2 |
| 8:24 | Dobbs351 · wall_segment Palisade Wall x5 |
| 8:29 | Gabi · wall_segment Palisade Wall x1 |
| 8:29 | Dobbs351 · wall_segment Palisade Wall x1 |
| 8:32 | Gabi · wall_segment Palisade Wall x1 |
| 8:34 | Gabi · wall_segment Palisade Wall x1 |
| 8:49 | Dobbs351 · wall_segment Palisade Wall x1 |
| 8:51 | Gabi · wall_segment Palisade Wall x1 |
| 8:54 | Dobbs351 · wall_segment Palisade Wall x1 |
| 8:55 | Gabi · wall_segment Palisade Wall x1 |
| 8:59 | Gabi · wall_segment Palisade Wall x1 |
| 9:01 | Gabi · wall_segment Palisade Wall x1 |
| 9:14 | Dobbs351 · wall_segment Palisade Wall x1 |
| 9:27 | Dobbs351 · wall_segment Palisade Wall x1 |
| 9:27 | Dobbs351 · wall_segment Palisade Wall x1 |
| 9:32 | Dobbs351 · wall_segment Palisade Wall x1 |
| 9:33 | Dobbs351 · wall_segment Palisade Wall x1 |
| 9:34 | Dobbs351 · wall_segment Palisade Wall x1 |
| 9:36 | Gabi · wall_segment Palisade Wall x1 |
| 9:54 | Gabi · wall_segment Palisade Wall x1 |
| 9:56 | Gabi · wall_segment Palisade Wall x1 |
| 9:58 | Gabi · wall_segment Palisade Wall x1 |
| 9:58 | Dobbs351 · wall_segment Palisade Wall x1 |
| 10:01 | Dobbs351 · wall_segment Palisade Wall x1 |
| 10:02 | Dobbs351 · wall_segment Palisade Wall x1 |
| 10:04 | Dobbs351 · wall_segment Palisade Wall x1 |
| 10:09 | Dobbs351 · wall_segment Palisade Wall x1 |
| 10:10 | Dobbs351 · wall_segment Palisade Wall x1 |
| 10:43 | Dobbs351 · wall_segment Palisade Wall x5 |
| 10:44 | Dobbs351 · wall_segment Palisade Wall x1 |
| 10:57 | Dobbs351 · wall_segment Palisade Wall x4 |
| 11:22 | Gabi · wall_segment Palisade Wall x1 |
| 11:49 | Gabi · wall_segment Palisade Wall x1 |
| 11:50 | Gabi · wall_segment Palisade Wall x1 |
| 12:05 | Dobbs351 · wall_segment Palisade Wall x1 |
| 12:16 | Dobbs351 · age_up feudal |
| 12:19 | Gabi · age_up feudal |
| 12:27 | Dobbs351 · wall_segment Palisade Wall x1 |
| 12:43 | Dobbs351 · first_building Barracks |
| 12:55 | Gabi · first_building Archery Range |
| 13:42 | Dobbs351 · first_building Stable |
| 13:52 | Dobbs351 · wall_segment Palisade Wall x1 |
| 13:52 | Dobbs351 · wall_segment Palisade Wall x1 |
| 14:12 | Gabi · wall_segment Palisade Wall x1 |
| 14:13 | Gabi · wall_segment Palisade Wall x1 |
| 14:14 | Gabi · wall_segment Palisade Wall x1 |
| 14:15 | Gabi · wall_segment Palisade Wall x1 |
| 14:46 | Dobbs351 · wall_segment Palisade Wall x1 |
| 15:58 | Gabi · wall_segment Palisade Wall x5 |
| 16:03 | Gabi · wall_segment Palisade Wall x5 |
| 16:58 | Gabi · wall_segment Palisade Wall x3 |
| 17:27 | Gabi · wall_segment Palisade Wall x1 |
| 17:29 | Gabi · wall_segment Palisade Wall x1 |
| 17:30 | Gabi · wall_segment Palisade Wall x1 |
| 17:31 | Gabi · wall_segment Palisade Wall x1 |
| 17:56 | Gabi · wall_segment Palisade Wall x1 |
| 17:58 | Gabi · wall_segment Palisade Wall x1 |
| 18:21 | Dobbs351 · first_building Archery Range |
| 18:30 | Dobbs351 · wall_segment Palisade Wall x1 |
| 18:47 | Gabi · wall_segment Palisade Wall x1 |
| 18:48 | Gabi · wall_segment Palisade Wall x1 |
| 19:12 | Gabi · wall_segment Palisade Wall x1 |
| 19:19 | Gabi · wall_segment Palisade Wall x1 |
| 20:00 | Gabi · wall_segment Palisade Wall x8 |
| 20:24 | Gabi · wall_segment Palisade Wall x1 |
| 20:24 | Gabi · wall_segment Palisade Wall x1 |
| 20:54 | Gabi · wall_segment Palisade Wall x1 |
| 22:40 | Gabi · first_market_sell 100 stone |
| 22:41 | Gabi · first_market_buy 100 food |
| 23:20 | Dobbs351 · wall_segment Palisade Wall x1 |
| 23:37 | Dobbs351 · age_up castle |
| 23:45 | Gabi · wall_segment Palisade Wall x1 |
| 23:47 | Gabi · wall_segment Palisade Wall x1 |
| 23:48 | Gabi · wall_segment Palisade Wall x1 |
| 24:08 | Gabi · first_building Stable |
| 24:12 | Gabi · wall_segment Palisade Wall x1 |
| 24:13 | Gabi · wall_segment Palisade Wall x1 |
| 24:14 | Gabi · wall_segment Palisade Wall x1 |
| 25:03 | Gabi · wall_segment Palisade Wall x1 |
| 25:04 | Gabi · wall_segment Palisade Wall x1 |
| 25:16 | Dobbs351 · first_building Monastery |
| 25:16 | Gabi · wall_segment Palisade Wall x1 |
| 25:38 | Gabi · age_up castle |
| 25:58 | Gabi · first_building Monastery |
| 26:25 | Dobbs351 · wall_segment Palisade Wall x2 |
| 26:53 | Dobbs351 · first_market_sell 100 wood |
| 26:55 | Dobbs351 · first_market_buy 100 wood |
| 28:26 | Gabi · wall_segment Palisade Wall x1 |
| 28:31 | Gabi · wall_segment Palisade Wall x1 |
| 28:38 | Gabi · wall_segment Palisade Wall x1 |
| 29:35 | Gabi · wall_segment Palisade Wall x1 |
| 29:51 | Gabi · wall_segment Palisade Wall x1 |
| 29:51 | Gabi · wall_segment Palisade Wall x1 |
| 29:52 | Gabi · wall_segment Palisade Wall x1 |
| 29:53 | Gabi · wall_segment Palisade Wall x1 |
| 29:53 | Gabi · wall_segment Palisade Wall x1 |
| 31:11 | Dobbs351 · first_building Siege Workshop |
| 31:54 | Gabi · wall_segment Palisade Wall x1 |
| 31:54 | Gabi · wall_segment Palisade Wall x1 |
| 32:00 | Gabi · wall_segment Palisade Wall x1 |
| 33:07 | Gabi · wall_segment Palisade Wall x15 |
| 33:16 | Dobbs351 · wall_segment Palisade Wall x1 |
| 33:18 | Dobbs351 · wall_segment Palisade Wall x1 |
| 33:20 | Dobbs351 · wall_segment Palisade Wall x1 |
| 33:20 | Dobbs351 · wall_segment Palisade Wall x1 |
| 35:00 | Dobbs351 · wall_segment Stone Wall x1 |
| 35:03 | Dobbs351 · wall_segment Stone Wall x1 |
| 35:04 | Dobbs351 · wall_segment Stone Wall x1 |
| 35:05 | Dobbs351 · wall_segment Stone Wall x1 |
| 35:06 | Dobbs351 · wall_segment Stone Wall x1 |
| 35:31 | Gabi · wall_segment Palisade Wall x7 |
| 37:08 | Gabi · wall_segment Palisade Wall x1 |
| 37:29 | Dobbs351 · first_building Castle |
| 38:04 | Dobbs351 · wall_segment Stone Wall x1 |
| 38:30 | Gabi · resign |
[ AI ANALYSIS · 1 CREDIT ]
What really happened in this match?
Wolo.gg analyzes every decision: build order, eco, micro, common mistakes by bracket. Personalized analysis on WhatsApp or Discord in 30 seconds.
Civ guide
Burgundians
Perfil
Jugador #246423